 Dungeon Crawl Stone Soup version 0.31-a0-1522-g43313d8a59 (webtiles) character file.

Game seed: 2801117850004727840

72 browni3141 the Changeling (level 4, 0/33 HPs)
             Began as a Formicid Shapeshifter on Dec 31, 2023.
             Incinerated by a bombardier beetle (5 damage)
             ... with a burning spray
             ... on level 3 of the Dungeon.
             The game lasted 00:04:14 (1737 turns).

browni3141 the Changeling (Formicid Shapeshifter)   Turns: 1737, Time: 00:04:14

Health: 0/33       AC:  6    Str: 19    XL:     4   Next: 48%
Magic:  4/4        EV: 10    Int:  9    God:
Gold:   68         SH:  0    Dex: 15    Spells: 3/3 levels left

rFire   . .          .
                       - Unarmed
rCold   . . .        (no shield)
rNeg    . . .        e - +0 scale mail
rPois   .            (helmet unavailable)
rElec   .            (cloak currently unavailable)
rCorr   .            (gloves currently unavailable)
SInv    +            (boots currently unavailable)
Will    .....        (no amulet) Stlth
                     (no ring)
HPRegen 0.25/turn    (no ring)
MPRegen 0.09/turn

%: no passive effects
@: on fire, beast-form, glowing
A: beast (slay +2), permanent stasis, dig shafts and tunnels, antennae 3, four
strong arms
a: Dig, Shaft Self, Begin Untransformation


You were on level 3 of the Dungeon.
You were a hulking beast.
You visited 1 branch of the dungeon, and saw 3 of its levels.

You collected 68 gold pieces.

Inventory:

Hand Weapons
 b - a +0 sling
Armour
 a - a +0 animal skin
 e - a +0 scale mail (worn)
 f - a +0 pair of gloves
Talismans
 c - a beast talisman
 d - a flux talisman
Scrolls
 k - a scroll of revelation {unknown}
 l - a scroll of teleportation
 m - 2 scrolls of enchant weapon {unknown}
 n - a scroll of blinking {unknown}
 o - a scroll of enchant armour {unknown}
Potions
 g - a potion of brilliance
 h - a potion of resistance
 i - a potion of heal wounds {unknown}
 j - a potion of curing
 p - a potion of lignification


   Skills:
 + Level 1.7 Fighting
 * Level 1.6 Armour
 - Level 1.7 Dodging
 + Level 1.4 Stealth
 * Level 3.5 Unarmed Combat
 * Level 4.0 Shapeshifting


You had 3 spell levels left.
You didn't know any spells.
Your spell library was empty.

Dungeon Overview and Level Annotations

Branches:
Dungeon (3/15)

Altars:

Annotations:
D:3 Pargi


Innate Abilities, Weirdness & Mutations

You are a hulking beast.
Your limbs bulge with bestial killing power. (Slay +2)
You cannot be hasted, slowed, berserked, paralysed or teleported.
You can dig through walls and to a lower floor.
You have a pair of large antennae on your head. (SInv)
Your four strong arms can wield two-handed weapons with a shield.


Message History

You shoot a sling bullet. The sling bullet hits the dart slug.
The dart slug is severely wounded.
You shoot a sling bullet. The sling bullet hits the dart slug.
You kill the dart slug!
You see here a dart slug corpse.
You sense a monster nearby.
A bombardier beetle comes into view.
Found a club.
You shoot a sling bullet.
The sling bullet closely misses the bombardier beetle.
The bombardier beetle sprays incendiary fluid at you.
The burning spray hits you.
You are covered in liquid fire!
You shoot a sling bullet.
The sling bullet hits the bombardier beetle.
The bombardier beetle is lightly wounded.
The liquid fire burns you!
You shoot a sling bullet.
The sling bullet barely misses the bombardier beetle.
The liquid fire burns you!
You are now empty-handed.
The liquid fire burns you!
You shake off some of the fire as you move.
The liquid fire burns you!
You punch the bombardier beetle!
The bombardier beetle is heavily wounded.
The liquid fire burns you!
You closely miss the bombardier beetle.
The bombardier beetle is heavily wounded.
The liquid fire burns you!
* * * LOW HITPOINT WARNING * * *
The bombardier beetle barely misses you.
You hit the bombardier beetle but do no damage.
The bombardier beetle is heavily wounded.
The liquid fire burns you!
* * * LOW HITPOINT WARNING * * *
You closely miss the bombardier beetle.
The bombardier beetle is heavily wounded.
The liquid fire burns you!
You die...

#...... #..# #...... #..# .
#...... ...# #. ##...... ##).#
#.##....... ## ...# ###..[.......
.. ..####.....#...... #####.#
##B.......!........
#.....###.h.##..!..........
#....##................T...
##.....................†....
##...........####..#...<###..
#####......##.#### ##....#.####.
......#....##.# ##>#.....# #
......#.†..##.# ##...#.#.#.####
...........##.#####..###...(.....
.................................


You could see a bombardier beetle.

Vanquished Creatures
  An adder (D:2)
  3 dart slugs
  2 ribbon worms (D:2)
  3 endoplasms
  4 giant cockroaches
  5 goblins
  4 hobgoblins
  8 ball pythons
  7 bats
  A frilled lizard (D:1)
  4 kobolds
  9 rats
51 creatures vanquished.

Notes
Turn   | Place    | Note
-------+----------+-------------------------------------------
     0 | D:1      | browni3141 the Formicid Shapeshifter began the quest for
                  | the Orb.
     0 | D:1      | Reached XP level 1. HP: 15/15 MP: 1/1
   183 | D:1      | Reached XP level 2. HP: 21/21 MP: 2/2
   729 | D:2      | Reached XP level 3. HP: 26/26 MP: 3/3
   847 | D:2      | Reached skill level 1 in Armour
  1080 | D:2      | Reached skill level 1 in Stealth
  1131 | D:2      | Reached XP level 4. HP: 22/32 MP: 4/4
  1408 | D:3      | Noticed Pargi
  1657 | D:2      | Reached skill level 4 in Shapeshifting
  1737 | D:3      | Incinerated by a bombardier beetle

Illustrated notes

Levels and vault maps discovered:
D:1:      minmay_arrival_cross, layout_loops_ring, minmay_shallow_snake_nest
D:2:      layout_basic
D:3:      layout_rooms, uniq_pargi, uniq_jessica

Skill      XL: |  1  2  3  4 |
---------------+-------------+-----
Armour         | 1 |  1.6
Stealth        | 1 |  1.4
Shapeshifting  | 4 |  4.0
Fighting       | |  1.7
Dodging        | |  1.7
Unarmed Combat | |  3.5

Action                     |  1- 3 |  4- 6 || total
---------------------------+-------+-------++-------
  Melee: Unarmed           |    88 |    31 ||   119
         Punch             |     1 |       ||     1
   Fire: Sling             |       |     6 ||     6
    Use: Scroll            |       |     4 ||     4
 Armour: Scale mail        |    43 |    19 ||    62
  Dodge: Dodged            |    58 |    21 ||    79

Table legend: (Time is in decaauts)
 A = Elapsed time spent in this place.
 B = Non-inter-level travel time spent in this place.
 C = Inter-level travel time spent in this place.
 D = Time resting spent in this place.
 E = Time spent auto-exploring this place.
 F = Levels seen in this place.
 G = Mean time per level.
                   A        B        C        D        E       F      G
               +--------+--------+--------+--------+--------+-----+--------+
         Total |   1733 |   1595 |    138 |      0 |   1109 |   3 |  577.7 |
       Dungeon |   1733 |   1595 |    138 |      0 |   1109 |   3 |  577.7 |
               +--------+--------+--------+--------+--------+-----+--------+

Top non-repeatable levels by time:
     D:2: 738 daAuts
     D:1: 714 daAuts
     D:3: 280 daAuts
